 Dungeon Crawl Stone Soup version 0.28.0 (webtiles) character file.

Game seed: 12844055370373327547

12118 growler the Stormcaller (level 11, -5/69 HPs)
             Began as a Tengu Air Elementalist on Feb 16, 2022.
             Was a Priest of Vehumet.
             Slain by a small abomination (16 damage)
             ... on level 9 of the Dungeon.
             The game lasted 00:30:47 (18022 turns).

growler the Stormcaller (Tengu Air Elementalist)   Turns: 18022, Time: 00:30:47

Health: -5/69      AC:  3    Str:  9    XL:     11   Next: 88%
Magic:  1/19       EV: 19    Int: 20    God:    Vehumet [***...]
Gold:   688        SH:  0    Dex: 14    Spells: 10/20 levels left

rFire   + . .      SeeInvis .   e - staff of conjuration {!a}
rCold   . . .      Faith    .   (no shield)
rNeg    . . .      Spirit   .   a - +0 robe
rPois   .          Reflect  .   (helmet restricted)
rElec   .          Harm     .   x - +0 cloak
rCorr   .          Rampage  .   (no gloves)
Will    .....                   (boots unavailable)
Stlth   ++........              (no amulet)
HPRegen 0.21/turn               i - ring of protection from fire
MPRegen 0.16/turn               (no ring)

@: flying quickly and evasively, quick
A: beak, talons 3, nimble flight
a: Renounce Religion


You were on level 9 of the Dungeon.
You worshipped Vehumet.
Vehumet was most pleased with you.
You visited 2 branches of the dungeon, and saw 10 of its levels.
You also visited: Sewer.

You collected 688 gold pieces.

Inventory:

Missiles
 l - a throwing net {!f}
Armour
 a - a +0 robe (worn)
 x - a +0 cloak (worn)
   (You took it off Crazy Yiuf on level 2 of the Dungeon)
Magical Staves
 e - a staff of conjuration (weapon) {!a}
   (You found it on level 1 of the Dungeon)
Jewellery
 i - a ring of protection from fire (left hand)
   (You found it on level 7 of the Dungeon)
Wands
 d - a wand of iceblast (4)
   (You took it off an orc on level 5 of the Dungeon)
 y - a wand of mindburst (10)
   (You found it on level 7 of the Dungeon)
 B - a wand of polymorph (10)
   (You took it off a centaur on level 8 of the Dungeon)
Scrolls
 b - 2 scrolls of amnesia {unknown}
 h - 2 scrolls of fear
 k - 2 scrolls of vulnerability {!r}
 m - a scroll of magic mapping {unknown}
 o - a scroll of teleportation {@r4}
 q - a scroll of enchant weapon {unknown}
 r - a scroll of blinking
 s - a scroll of noise {unknown}
 w - 2 scrolls of fog
 C - a scroll of brand weapon {unknown}
Potions
 c - a potion of cancellation {unknown}
 f - a potion of might
 g - 5 potions of curing {@q1}
 j - a potion of degeneration {unknown}
 n - 2 potions of resistance {unknown}
 p - 2 potions of mutation {unknown}
 t - a potion of berserk rage
 u - 3 potions of heal wounds {unknown}
 v - a potion of ambrosia {unknown}
 z - a potion of invisibility
 A - 3 potions of attraction {unknown}


   Skills:
 + Level 8.6 Fighting
 + Level 9.6 Dodging
 - Level 2.0 Stealth
 + Level 5.1 Spellcasting
 - Level 9.0 Conjurations
 + Level 15.0 Air Magic


You had 10 spell levels left.
You knew the following spells:

 Your Spells              Type           Power      Damage    Failure   Level
a - Shock                 Conj/Air       100%       1d9       1%          1
b - Airstrike             Air            30%        N/A       1%          4
d - Static Discharge      Conj/Air       68%        N/A       1%          2
s - Swiftness             Air            60%        N/A       1%          3

Your spell library contained the following spells:

 Spells                   Type           Power      Damage    Failure   Level
 Poisonous Vapours        Pois/Air       70%        N/A       1%          2
 Foxfire                  Conj/Fire      100%       2x1d9     1%          1
 Conjure Ball Lightning   Conj/Air       34%        3x3d11    3%          6
 Inner Flame              Hex/Fire       5%         N/A       10%         3
 Irradiate                Conj/Tmut      17%        3d19      13%         5
 Ensorcelled Hibernation  Hex/Ice        10%        N/A       17%         2
 Passwall                 Tmut/Erth      4%         N/A       17%         2
 Portal Projectile        Hex/Tloc       10%        N/A       34%         3
 Discord                  Hex            2%         N/A       100%        8
 Disjunction              Tloc           2%         N/A       100%        8


Dungeon Overview and Level Annotations

Branches:
Dungeon (9/15)             Temple (1/1) D:4            Lair (0/6) D:8
  Sewer (visited)
    Orc: D:9-12

Altars:
Ashenzari
Cheibriados
Dithmenos
Elyvilon
Gozag
Hepliaklqana
Kikubaaqudgha
Makhleb
Nemelex Xobeh
Okawaru
Qazlal
Sif Muna
Trog
Uskayaw
Vehumet
Wu Jian
Xom
Yredelemnul
Zin
The Shining One
Beogh

Shops:
D:2 ?   D:9 !

Annotations:
D:3 3 runed translucent doors, Dvallin's ghost, amateur KoDe


Innate Abilities, Weirdness & Mutations

You have a beak for a mouth.
You have claws for feet.
Your magical nature lets you fly swiftly and evasively.


Message History

The air twists around and strikes the small abomination!
Aim: a small abomination (severely damaged, empty space bonus: 8/8)
The air twists around and strikes the small abomination!
You destroy the small abomination!
Vehumet accepts your kill.
A small abomination is nearby!
Aim: a small abomination (wandering, hasn't noticed you, empty space bonus: 3/8)
The air twists around and strikes the small abomination.
Aim: a small abomination (moderately damaged, empty space bonus: 5/8)
The air twists around and strikes the small abomination!
Aim: a small abomination (heavily damaged, empty space bonus: 4/8)
The air twists around and strikes the small abomination!
You destroy the small abomination!
Vehumet accepts your kill.
A small abomination comes into view.
Aim: a small abomination (wandering, hasn't noticed you, empty space bonus: 6/8)
The air twists around and strikes the small abomination.
Aim: a small abomination (moderately damaged, empty space bonus: 2/8)
The air twists around and strikes the small abomination!
You don't have enough magic to cast this spell.
You hit the small abomination but do no damage.
Your kick misses the small abomination. Your peck misses the small abomination.
The small abomination hits you.
You hit the small abomination but do no damage.
The small abomination hits you.
The small abomination barely misses you.
The small abomination hits you! x2
* * * LOW HITPOINT WARNING * * *
You feel a surge of power!
The small abomination is struck by an arc of lightning!
You are struck by an arc of lightning.
* * * LOW HITPOINT WARNING * * *
The lightning grounds out.
The small abomination is struck by an arc of lightning.
The lightning grounds out.
The small abomination hits you but does no damage.
The small abomination barely misses you.
The small abomination hits you!
* * * LOW HITPOINT WARNING * * *
The small abomination misses you. The small abomination hits you.
* * * LOW HITPOINT WARNING * * *
Things that are here:
a +2 dagger of electrocution; a +0 robe The small abomination hits you!
* * * LOW HITPOINT WARNING * * *
The small abomination barely misses you.
You feel better. The small abomination misses you.
The small abomination hits you!
You die...

.#......##.'o.)..[..#
##......####........#
#......# #..oo....#
#####'## ######'### ###
#..# ### #.## x#.# #.#
Xx#.# #####.######
####'##.# #....@.....#
...x..#.# #...xx.....#
......#.####..........#
......#.'.##..........#
......#.#.##....).....#
'######.#.............#
....x...####..........#
#####'.####...........#
#........######>####


You could see 2 small abominations.

Vanquished Creatures
  A centaur warrior (D:9)
  A two-headed ogre (D:8)
  8 death yaks
  A wizard (D:9)
  Pikel (D:6)
  A large abomination (D:9)
  A hornet (D:8)
  Grinder (D:5)
  Sigmund (D:4)
  3 yaks (D:8)
  2 acid dragons (D:9)
  A water moccasin (D:8)
  2 ice beasts (D:7)
  A hornet zombie (D:7)
  2 sky beasts
  A black bear (D:5)
  6 ogres
  4 orc warriors (D:9)
  5 centaurs
  A phantom (D:7)
  2 lemures (D:6)
  3 kobold brigands (Sewer)
  2 bullfrogs (D:7)
  2 scorpions
  2 small abominations (D:9)
  3 killer bees (D:9)
  5 wights (D:8)
  A howler monkey (D:5)
  A bullfrog zombie (D:5)
  A centaur zombie (D:9)
  Crazy Yiuf (D:2)
  5 orc priests
  2 centaur skeletons
  4 jellies
  6 iguanas
  5 orc wizards
  A killer bee zombie (D:6)
  A hound zombie (D:5)
  A howler monkey zombie (D:9)
  5 adders
  3 river rats (D:6)
  A shadow imp (D:6)
  2 white imps
  2 worms (Sewer)
  5 dart slugs
  42 orcs
  10 endoplasms
  9 giant cockroaches
  5 goblins
  3 hobgoblins
  A quokka (D:5)
  8 ball pythons
  2 bats
  4 frilled lizards
  20 kobolds
  9 rats
223 creatures vanquished.

Notes
Turn   | Place    | Note
-------+----------+-------------------------------------------
     0 | D:1      | growler the Tengu Air Elementalist began the quest for the
                  | Orb.
     0 | D:1      | Reached XP level 1. HP: 10/10 MP: 4/4
   213 | D:1      | Reached XP level 2. HP: 15/15 MP: 3/6
   216 | D:1      | Learned a level 2 spell: Static Discharge
  1429 | D:1      | Reached XP level 3. HP: 19/19 MP: 3/7
  1763 | D:2      | Found Dirgh's Magic Scroll Boutique.
  1938 | D:2      | Found a runed translucent door.
  1939 | D:2      | Noticed Crazy Yiuf
  2032 | D:2      | Found a faded altar of an unknown god.
  2370 | D:2      | Killed Crazy Yiuf
  2371 | D:2      | Reached skill level 5 in Air Magic
  2371 | D:2      | Reached XP level 4. HP: 20/24 MP: 4/9
  2602 | D:3      | Noticed Dvallin's ghost (amateur KoDe)
  2609 | D:3      | Noticed a scorpion
  2613 | D:3      | Killed a scorpion
  2614 | D:3      | Gained mutation: Your magical nature lets you fly swiftly
                  | and evasively. [Tengu growth]
  2614 | D:3      | Reached XP level 5. HP: 24/28 MP: 5/10
  2658 | D:3      | Found a snail-covered altar of Cheibriados.
  2765 | D:3      | Found a runed translucent gate.
  2765 | D:3      | Found a runed translucent gate.
  2765 | D:3      | Found a runed translucent gate.
  3016 | D:2      | Learned a level 3 spell: Swiftness
  3674 | D:4      | Reached XP level 6. HP: 31/32 MP: 6/12
  3727 | D:4      | Found a staircase to the Ecumenical Temple.
  3743 | Temple   | Entered the Ecumenical Temple
  3805 | Temple   | Became a worshipper of Vehumet
  3868 | D:4      | Reached skill level 6 in Air Magic
  4405 | D:4      | Reached skill level 5 in Conjurations
  4550 | D:4      | Noticed Sigmund
  4560 | D:4      | Killed Sigmund
  4561 | D:4      | Reached XP level 7. HP: 33/36 MP: 9/14
  4617 | D:4      | Reached skill level 7 in Air Magic
  4797 | D:4      | Learned a level 4 spell: Airstrike
  4948 | D:5      | Entered Level 5 of the Dungeon
  5214 | D:5      | Reached * piety under Vehumet
  5214 | D:5      | Offered knowledge of Foxfire by Vehumet.
  5668 | D:5      | Reached XP level 8. HP: 41/41 MP: 11/16
  5862 | D:5      | Reached skill level 5 in Spellcasting
  5862 | D:5      | Reached skill level 8 in Air Magic
  5970 | D:5      | Noticed Grinder
  5979 | D:5      | Killed Grinder
  6335 | D:5      | Reached skill level 9 in Air Magic
  6830 | D:6      | Noticed Pikel
  6836 | D:6      | Killed Pikel
  6837 | D:6      | Reached skill level 10 in Air Magic
  6837 | D:6      | Reached XP level 9. HP: 10/45 MP: 5/17
  7076 | D:6      | Got Sif Muna's Compendium of Ensnaring Conjuration
  7225 | D:6      | Found a glowing drain.
  7446 | Sewer    | Entered a sewer
  7606 | Sewer    | Reached skill level 1 in Fighting
  7608 | Sewer    | Reached skill level 11 in Air Magic
  8921 | D:6      | Found a burning altar of Makhleb.
 10591 | D:8      | Noticed a death yak
 10592 | D:8      | Noticed a death yak
 10593 | D:8      | Noticed a death yak
 10602 | D:8      | Noticed a death yak
 10603 | D:8      | Noticed a death yak
 10603 | D:8      | Noticed a death yak
 10883 | D:8      | Reached skill level 5 in Dodging
 10883 | D:8      | Reached skill level 12 in Air Magic
 10885 | D:8      | Reached XP level 10. HP: 36/57 MP: 0/18
 11255 | D:8      | Offered knowledge of Sandblast by Vehumet.
 11256 | D:8      | Reached ** piety under Vehumet
 11429 | D:8      | Noticed a death yak
 11540 | D:8      | Killed a death yak
 11541 | D:8      | Reached skill level 5 in Fighting
 12042 | D:7      | Killed a death yak
 12043 | D:7      | Reached skill level 13 in Air Magic
 12299 | D:8      | Noticed a death yak
 12405 | D:7      | Killed a death yak
 13182 | D:7      | Killed a death yak
 13462 | D:7      | Killed a death yak
 13463 | D:7      | Reached XP level 11. HP: 30/66 MP: 5/19
 13956 | D:7      | Killed a death yak
 13957 | D:7      | Reached skill level 14 in Air Magic
 14497 | D:7      | Killed a death yak
 14661 | D:8      | Killed a death yak
 14919 | D:8      | Found a staircase to the Lair.
 15163 | D:8      | Noticed a two-headed ogre
 15193 | D:8      | Killed a two-headed ogre
 15315 | D:8      | Found an iron altar of Okawaru.
 15315 | D:8      | Found a faded altar of an unknown god.
 15323 | D:8      | Found a sparkling altar of Nemelex Xobeh.
 15325 | D:8      | Found a hazy altar of Hepliaklqana.
 15327 | D:8      | Found a faded altar of an unknown god.
 15389 | D:9      | Found a broken altar of Ashenzari.
 16085 | D:9      | Found a glowing golden altar of the Shining One.
 16265 | D:9      | Offered knowledge of Poisonous Vapours by Vehumet.
 16527 | D:9      | Found Funaoty's Distillery.
 17042 | D:9      | Reached *** piety under Vehumet
 17443 | D:9      | Noticed a centaur warrior
 17447 | D:9      | Killed a centaur warrior
 17467 | D:9      | Noticed a wizard
 17652 | D:9      | Killed a wizard
 17653 | D:9      | Reached skill level 15 in Air Magic
 17718 | D:9      | Noticed a large abomination
 17743 | D:9      | Killed a large abomination
 17869 | D:9      | Noticed a large abomination
 18022 | D:9      | Slain by a small abomination

Illustrated notes

Levels and vault maps discovered:
D:1:      psy_arrival_radial02, layout_basic
D:2:      layout_rooms, serial_shops, nicolae_shop_advertising_works
          [nicolae_subvault_shop_adworks], ebering_ecumenical_altar_webs,
          uniq_crazy_yiuf_cottage
D:3:      layout_rooms, cheibriados_altar_1, gammafunk_ghost_icy,
          minmay_liquid_box
D:4:      layout_gridville, minmay_temple_entry_hall, kennysheep_nondescript,
          uniq_sigmund
D:5:      layout_gridville, uniq_grinder
D:6:      cheibrodos_quashed, layout_loops_cross, general_overflow_altar,
          portal_sewer_entry_b, uniq_pikel
D:7:      layout_cave_pools
D:8:      layout_rooms, chequers_temple_overflow_minitemple, dpeg_lair_monsters
D:9:      layout_roguey, evilmike_ruin_ashenzari, kennysheep_little_box,
          serial_shops, nicolae_shop_stone, special_room [special_room_orc],
          laboratory
Temple:   dshaligram_water_room_temple

Skill      XL: |  1  2  3  4  5  6  7  8  9 10 11 |
---------------+----------------------------------+-----
Conjurations   | 2 3 4 5 6 9 |  9.0
Air Magic      | 5 6 7 10 12 13 15 | 15.0
Spellcasting   | 3 4 5 |  5.1
Fighting       | 4 6 8 |  8.6
Dodging        | 5 7 9 |  9.6
Stealth        | |  2.0

Action                   |  1- 3 |  4- 6 |  7- 9 | 10-12 || total
-------------------------+-------+-------+-------+-------++-------
Melee: Unarmed           |    10 |       |       |       ||    10
       Kick              |    11 |     3 |     3 |    16 ||    33
       Staff             |    17 |     5 |     6 |    32 ||    60
       Peck              |     6 |       |     2 |     9 ||    17
       Punch             |       |       |       |     1 ||     1
 Cast: Shock             |    32 |    36 |     6 |    33 ||   107
       Static Discharge  |    14 |    25 |    68 |    53 ||   160
       Airstrike         |       |       |    62 |   129 ||   191
Evoke: Wand              |       |       |       |     2 ||     2
  Use: Scroll            |       |     3 |     4 |     3 ||    10
       Potion            |       |       |       |     1 ||     1
 Stab: Sleeping          |     1 |     2 |       |       ||     3
Armor: Robe              |     8 |     4 |     5 |     5 ||    22
Dodge: Dodged            |    22 |    13 |    52 |    67 ||   154
